 Dungeon Crawl Stone Soup version 0.32-a0-921-g04a7ad8e02 (webtiles) character file.

Game seed: 8903138936990713746

1367 mopl the Insei (level 8, -3/81 HPs)
             Began as an Octopode Shapeshifter on Apr 11, 2024.
             Killed from afar by a steam dragon (21 damage)
             ... with a ball of steam
             ... on level 5 of the Dungeon.
             The game lasted 00:05:02 (3648 turns).

mopl the Insei (Octopode Shapeshifter)              Turns: 3648, Time: 00:05:02

Health: -3/81      AC: 24    Str: 13    XL:     8   Next: 65%
Magic:  8/8        EV:  2    Int: 12    God:
Gold:   213        SH:  0    Dex: 14    Spells: 7/7 levels left

rFire   . .          .
                       - Unarmed
rCold   . . .        (no shield)
rNeg    . . .        (helmet currently unavailable)
rPois   +            y - amulet of magic regeneration
rElec   .            o - ring of wizardry
rCorr   .            q - ring of poison resistance
SInv    +            x - ring of see invisible
Will    .....        (no ring)
Stlth   +            (no ring)
HPRegen 0.33/turn    (no ring)
MPRegen 0.51/turn    (no ring)
                     (no ring)

%: wizardry (x1)
@: tree-form
A: stationary, stasis, torment immunity, boosted hp, almost no armour,
(amphibious), 8 rings, (camouflage 1), (gelatinous body 1), (nimble swimmer 1),
(tentacles)
a: no special abilities


You were on level 5 of the Dungeon.
You were a tree.
You visited 1 branch of the dungeon, and saw 5 of its levels.

You collected 213 gold pieces.

Inventory:

Jewellery
 o - a ring of wizardry (left branch)
 q - a ring of poison resistance (right branch)
 x - a ring of see invisible (on tentacle)
 y - an amulet of magic regeneration (around neck)
Talismans
 b - a beast talisman (active)
 c - a flux talisman
 w - a serpent talisman
Scrolls
 e - a scroll of poison {unknown}
 g - 4 scrolls of teleportation {unknown}
 h - 2 scrolls of enchant weapon {unknown}
 k - 2 scrolls of blinking {unknown}
 l - a scroll of amnesia {unknown}
 m - 2 scrolls of noise {unknown}
 p - 2 scrolls of torment {unknown}
 r - a scroll of vulnerability {unknown}
 v - 2 scrolls of identify {unknown}
Potions
 d - 2 potions of enlightenment {unknown}
 f - a potion of cancellation {unknown}
 i - a potion of brilliance {unknown}
 j - a potion of ambrosia {unknown}
 n - a potion of magic {unknown}
 s - a potion of haste {unknown}
 t - a potion of curing {unknown}
 u - 3 potions of attraction {unknown}
 z - a potion of experience {unknown}


   Skills:
 + Level 4.0 Fighting
 + Level 4.4 Dodging
 * Level 6.8 Unarmed Combat
 * Level 6.2 Shapeshifting


You had 7 spell levels left.
You didn't know any spells.
Your spell library contained the following spells:

 Spells                   Type           Power      Damage    Failure   Level
 Hailstorm                Conj/Ice       0%         3d5       36%         3
 Summon Ice Beast         Ice/Summ       0%         N/A       36%         3
 Volatile Blastmotes      Fire/Tloc      0%         2d10      36%         3
 Fulminant Prism          Conj/Alch      0%         3d5       75%         4
 Iskenderun's Mystic Bla Conj/Tloc 0%             2d3        (+2d1     75%         4
 Permafrost Eruption      Ice/Erth       0%         2x4d1     100%        6
 Sculpt Simulacrum        Ice/Alch       0%         N/A       100%        6


Dungeon Overview and Level Annotations

Branches:
Dungeon (5/15)
 Temple: D:4-7

Altars:


Innate Abilities, Weirdness & Mutations

You are a tree.
Your roots penetrate the ground, keeping you stationary.
You cannot be teleported.
You are immune to unholy pain and torment.
Your maximum health is greatly increased.
You cannot wear most types of armour.
((You are amphibious.))
You can wear up to eight rings at the same time.
((Your skin changes colour to match your surroundings (Stealth+).))
((Your rubbery body absorbs attacks. (AC +1, EV +1)))
((You are camouflaged when in or above water. (Stealth+)))
((You have tentacles for arms and can constrict up to eight enemies at once.))


Message History

There is an open door here.
A gnoll and an adder come into view.
A gnoll bouda and 4 gnolls come into view.
Found a potion of lignification.
The adder hisses angrily.
A steam dragon comes into view.
The steam dragon hisses angrily.
The gnoll attacks as it pursues you! The gnoll hits you with a +0 club.
The gnoll attacks as it pursues you! The gnoll hits you with a +0 club!
The gnoll attacks as it pursues you! The gnoll hits you with a +0 club!
There is an open door here.
The gnoll hits you with a +0 club!
You tentacle-slap the gnoll. You grab the gnoll. You squeeze the gnoll.
The gnoll is severely wounded.
You constrict the gnoll.
You kill the gnoll!
The adder misses you.
You barely miss the adder. Your grab misses the adder.
Your tentacle-slap misses the adder.
The steam dragon breathes steam at you.
The ball of steam hits the adder!
The adder dies!
The ball of steam hits you!!
* * * LOW HITPOINT WARNING * * *
Okay, then.
Your transformation has ended.
You turn into a tree.
Your roots penetrate the ground.
The steam dragon bites you but does no damage.
The steam dragon barely misses you.
Unknown command.
You smack the steam dragon!
The steam dragon is moderately wounded.
The steam dragon bites you.
* * * LOW HITPOINT WARNING * * *
The steam dragon claws you but does no damage.
You barely miss the steam dragon.
The steam dragon is moderately wounded.
The steam dragon breathes steam at you. The ball of steam hits you!!
You die...

####### #.....# #.###.# ###
############.#...#
..##############♣..#......#.#.###
...............D.................
..##############...#......###.###
....g..g. #...######## #.#
.....g.g. #)..# #.# # ##...g...
#...# #.# # ....... #...#
#######.### ....... #####
#.......... ....... #.....).###


You could see a steam dragon (catching breath).

Vanquished Creatures
  Pikel (D:4)
  2 black bears (D:4)
  An ogre (D:4)
  A centaur (D:5)
  A phantom (D:5)
  3 lemures
  A scorpion (D:4)
  2 bombardier beetles (D:4)
  An orc priest (D:4)
  A hound (D:4)
  An iguana (D:3)
  An orc wizard (D:5)
  2 sleepcaps (D:4)
  6 gnolls
  7 adders
  A white imp (D:4)
  An ufetubus (D:4)
  3 dart slugs
  A ribbon worm (D:4)
  4 orcs
  6 endoplasms
  2 giant cockroaches
  6 hobgoblins
  6 kobolds
  2 quokkas
  13 ball pythons
  8 bats
  5 frilled lizards
  6 goblins
  9 rats
104 creatures vanquished.

Vanquished Creatures (others)
  An adder (D:5)
1 creature vanquished.

Grand Total: 105 creatures vanquished

Notes
Turn   | Place    | Note
-------+----------+-------------------------------------------
     0 | D:1      | mopl the Octopode Shapeshifter began the quest for the Orb.
     0 | D:1      | Reached XP level 1. HP: 13/13 MP: 1/1
   118 | D:1      | Reached XP level 2. HP: 18/18 MP: 2/2
   130 | D:1      | You fall into a shaft and drop 1 floor!
   267 | D:2      | Reached XP level 3. HP: 18/23 MP: 3/3
  1371 | D:2      | Reached XP level 4. HP: 28/28 MP: 4/4
  1545 | D:2      | Reached skill level 4 in Unarmed Combat
  1722 | D:2      | Reached XP level 5. HP: 34/34 MP: 5/5
  1874 | D:3      | Reached skill level 2 in Fighting
  1879 | D:3      | Reached skill level 4 in Shapeshifting
  2485 | D:4      | Reached skill level 3 in Dodging
  2485 | D:4      | Reached XP level 6. HP: 39/39 MP: 6/6
  2496 | D:4      | Noticed Pikel
  2574 | D:4      | Found the +3 Mad Mage's Maulers {Infuse+∞ VampMP -Cast}
  2718 | D:4      | Noticed a black bear
  2738 | D:4      | Identified the +1 leather armour of Zer Nule {Str+5 Int+4
                  | Stlth-}
  2745 | D:4      | Killed a black bear
  2746 | D:4      | Reached skill level 5 in Unarmed Combat
  2793 | D:4      | Reached XP level 7. HP: 42/45 MP: 7/7
  2912 | D:4      | Killed Pikel
  2913 | D:4      | Reached skill level 3 in Fighting
  2913 | D:4      | Reached skill level 4 in Dodging
  2913 | D:4      | Reached skill level 6 in Unarmed Combat
  2913 | D:4      | Reached skill level 5 in Shapeshifting
  2913 | D:4      | Reached XP level 8. HP: 20/52 MP: 8/8
  3375 | D:5      | Entered Level 5 of the Dungeon
  3464 | D:5      | Reached skill level 6 in Shapeshifting
  3572 | D:5      | Reached skill level 4 in Fighting
  3648 | D:5      | Killed from afar by a steam dragon

Illustrated notes

Levels and vault maps discovered:
D:1:      minmay_arrival_solitary_statue, layout_basic
D:2:      minmay_door_path, layout_basic
D:3:      minmay_angry_zag, layout_basic, nicolae_half_adder
D:4:      layout_basic, uniq_pikel
D:5:      kennysheep_six_static_rooms, layout_basic, uniq_sigmund, uniq_duvessa,
          uniq_blork_the_orc

Skill      XL: |  1  2  3  4  5  6  7  8 |
---------------+-------------------------+-----
Unarmed Combat | 4 5 6 |  6.8
Fighting       | 2 3 4 |  4.0
Shapeshifting  | 4 5 6 |  6.2
Dodging        | 3 4 |  4.4

Action                     |  1- 3 |  4- 6 |  7- 9 || total
---------------------------+-------+-------+-------++-------
  Melee: Unarmed           |    61 |    91 |    65 ||   217
         Constrict         |    13 |    34 |    11 ||    58
         Tentacles         |    11 |    22 |    16 ||    49
         Punch             |       |     9 |     2 ||    11
    Use: Potion            |       |       |     1 ||     1
   Stab: Sleeping          |    10 |     5 |     1 ||    16
 Armour: Skin              |    20 |    37 |    42 ||    99
  Dodge: Dodged            |    27 |    50 |    36 ||   113

Table legend: (Time is in decaauts)
 A = Elapsed time spent in this place.
 B = Non-inter-level travel time spent in this place.
 C = Inter-level travel time spent in this place.
 D = Time resting spent in this place.
 E = Time spent auto-exploring this place.
 F = Levels seen in this place.
 G = Mean time per level.
                   A        B        C        D        E       F      G
               +--------+--------+--------+--------+--------+-----+--------+
         Total |   3628 |   3453 |    175 |    590 |   2079 |   5 |  725.6 |
       Dungeon |   3628 |   3453 |    175 |    590 |   2079 |   5 |  725.6 |
               +--------+--------+--------+--------+--------+-----+--------+

Top non-repeatable levels by time:
     D:2: 897 daAuts
     D:4: 894 daAuts
     D:1: 856 daAuts
     D:3: 763 daAuts
     D:5: 216 daAuts
